 Dungeon Crawl Stone Soup version 0.27-a0-1200-g94dc6ad4cf (webtiles) character file.

Game seed: 16415337955271482662

88 zezblit the Grave Robber (level 4, -3/45 HPs)
             Began as a Demonspawn Necromancer on May 31, 2021.
             Killed from afar by Sigmund (11 damage)
             ... with a magic dart
             ... on level 2 of the Dungeon.
             The game lasted 00:16:19 (1851 turns).

zezblit the Grave Robber (Demonspawn Necromancer)   Turns: 1851, Time: 00:16:19

Health: -3/45      AC:  2    Str:  8    XL:     4   Next: 30%
Magic:  4/8        EV: 12    Int: 23    God:
Gold:   83         SH:  0    Dex: 14    Spells: 3/9 levels left

rFire    . . .     SeeInvis .   g - +0 quarterstaff
rCold    . . .     Faith    .   (shield currently unavailable)
rNeg     . . .     Spirit   .   a - +0 robe
rPois    .         Reflect  .   (no helmet)
rElec    .         Harm     .   (no cloak)
rCorr    .         Rampage  .   (no gloves)
Will     .....                  (no boots)
Stlth    ..........             b - amulet of regeneration
HPRegen  1.15/turn              f - +6 ring of intelligence
MPRegen  0.11/turn              (no ring)

@: berserking, very quick
A: claws 1
a: no special abilities


You were on level 2 of the Dungeon.
You visited 1 branch of the dungeon, and saw 3 of its levels.

You collected 83 gold pieces.

Inventory:

Hand Weapons
 g - a +0 quarterstaff (weapon)
Missiles
 c - 86 stones
Armour
 a - a +0 robe (worn)
Jewellery
 b - an amulet of regeneration (around neck)
 f - a +6 ring of intelligence (left claw)
Scrolls
 h - a scroll of identify
Potions
 e - a potion of curing {unknown}


   Skills:
 + Level 1.8 Dodging
 - Level 1.7 Stealth
 + Level 3.0 Spellcasting
 + Level 5.7 Necromancy


You had 3 spell levels left.
You knew the following spells:

 Your Spells              Type           Power      Damage    Failure   Level
a - Pain                  Necr           100%       1d9       1%          1
b - Animate Skeleton      Necr           58%        N/A       1%          1
c - Animate Dead          Necr           14%        N/A       11%         4

Your spell library contained the following spells:

 Spells                   Type           Power      Damage    Failure   Level
 Vampiric Draining        Necr           14%        2d8       3%          3
 Summon Small Mammal      Summ           12%        N/A       12%         1
 Call Imp                 Summ           3%         N/A       17%         2
 Call Canine Familiar     Summ           3%         N/A       34%         3
 Summon Guardian Golem    Hex/Summ       3%         N/A       34%         3
 Agony                    Necr           29%        N/A       30%         5
 Summon Ice Beast         Ice/Summ       3%         N/A       75%         4
 Summon Lightning Spire   Summ/Air       3%         N/A       75%         4


Dungeon Overview and Level Annotations

Branches:
Dungeon (3/15)

Altars:

Annotations:
D:2 Sigmund


Innate Abilities, Weirdness & Mutations

You have sharp fingernails.


Message History

Aim: Sigmund, wielding a +0 scythe and wearing a +0 robe (ally target, chance to affect: 89%) Sigmund writhes in agony.
Sigmund gestures at you while chanting.
The puff of flame hits your bat skeleton!
Your bat skeleton is destroyed!
Aiming: Pain (safe; 1% risk of failure)
Press: ? - help, Q - select action, (/) - cycle Shift-Dir - straight line, f/p - Sigmund
Aim: Sigmund, wielding a +0 scythe and wearing a +0 robe (lightly wounded, ally target, chance to affect: 89%) Sigmund writhes in agony.
Sigmund points at himself and mumbles some strange words.
Sigmund flickers and vanishes!
Deactivating autopickup; reactivate with Ctrl-A.
You swap places.
You swap places.
You hear some strange, mumbled words.
You are confused.
Something hits you. Something hits you.
Your hobgoblin skeleton hits something but does no damage.
Something hits you.
Your hobgoblin skeleton hits something.
Something hits you!
Found a scroll labelled LOICIU MOZOAWI.
You feel less confused. Something hits you.
Your hobgoblin skeleton hits something.
Your hobgoblin skeleton crumbles into dust!
A puff of flame appears from out of thin air!
The puff of flame hits you!
You see here a scroll labelled LOICIU MOZOAWI.
Aiming: Pain (safe; 1% risk of failure)
Press: ? - help, Q - select action, (/) - cycle Shift-Dir - straight line Something writhes in agony.
Something hits you!
* * * LOW HITPOINT WARNING * * *
It was a potion of berserk rage.
A red film seems to cover your vision as you go berserk!
You feel yourself moving faster!
You feel mighty!
A magic dart appears from out of thin air!
The magic dart hits you!
You die...

### # ... ..
#.# .# #.# .#
#.##.#
.########....#
.......@.....#
.######...?..#
#.#{.###
#.#..# #.#..#
#.#..# #.#..#
#.#..# #.#..#
#


There were no monsters in sight!

Vanquished Creatures
  A jelly (D:2)
  2 adders (D:2)
  An endoplasm (D:2)
  A giant cockroach (D:2)
  3 goblins (D:1)
  6 hobgoblins
  9 jackals
  3 quokkas
  A ball python (D:1)
  4 bats
  2 frilled lizards
  5 rats
38 creatures vanquished.

Notes
Turn   | Place    | Note
-------+----------+-------------------------------------------
     0 | D:1      | zezblit the Demonspawn Necromancer began the quest for the
                  | Orb.
     0 | D:1      | Reached XP level 1. HP: 13/13 MP: 3/3
     2 | D:1      | Learned a level 1 spell: Animate Skeleton
   408 | D:1      | Gained mutation: You have sharp fingernails. [demonic
                  | ancestry]
   408 | D:1      | Reached XP level 2. HP: 18/19 MP: 3/5
   948 | D:1      | Reached skill level 5 in Necromancy
  1164 | D:2      | Reached XP level 3. HP: 17/24 MP: 0/7
  1407 | D:2      | Reached XP level 4. HP: 30/30 MP: 6/8
  1438 | D:2      | Learned a level 4 spell: Animate Dead
  1812 | D:2      | Noticed Sigmund
  1851 | D:2      | Killed from afar by Sigmund

Illustrated notes

Levels and vault maps discovered:
D:1:      dpeg_arrival_pits, layout_loops_ring
D:2:      layout_loops_ring, shapermc_ecumenical_altar_mp_vishouse, uniq_sigmund
D:3:      layout_basic, chequers_temple_overflow_minitemple,
          nicolae_overflow_crystal_walls, gammafunk_ghost_cemetery,
          serial_shops, shop

Skill      XL: |  1  2  3  4 |
---------------+-------------+-----
Necromancy     | 5 |  5.7
Spellcasting   | 3 |  3.0
Dodging        | |  1.8
Stealth        | |  1.7

Action                   |  1- 3 |  4- 6 || total
-------------------------+-------+-------++-------
Melee: Unarmed           |     2 |       ||     2
       Quarterstaff      |       |    11 ||    11
 Cast: Pain              |    50 |    20 ||    70
       Animate Skeleton  |     1 |       ||     1
       Animate Dead      |       |     1 ||     1
  Use: Scroll            |     3 |       ||     3
       Potion            |       |     1 ||     1
Armor: Robe              |     5 |     1 ||     6
Dodge: Dodged            |    12 |    15 ||    27

Table legend: (Time is in decaauts)
 A = Elapsed time spent in this place.
 B = Non-inter-level travel time spent in this place.
 C = Inter-level travel time spent in this place.
 D = Time resting spent in this place.
 E = Time spent auto-exploring this place.
 F = Levels seen in this place.
 G = Mean time per level.
                   A        B        C        D        E       F      G
               +--------+--------+--------+--------+--------+-----+--------+
         Total |   1854 |   1838 |     16 |     98 |   1409 |   3 |  618.0 |
       Dungeon |   1854 |   1838 |     16 |     98 |   1409 |   3 |  618.0 |
               +--------+--------+--------+--------+--------+-----+--------+

Top non-repeatable levels by time:
     D:1: 1129 daAuts
     D:2: 719 daAuts
     D:3: 5 daAuts
